 Dungeon Crawl Stone Soup version 0.27-a0-811-ga052575696 (webtiles) character file.

Game seed: 7593657092798484758

109 EnegeticOcto the Ruffian (level 4, 0/66 HPs)
             Began as a Troll Warper on Mar 29, 2021.
             Succumbed to an adder's poison
             ... on level 4 of the Dungeon.
             The game lasted 00:02:11 (249 turns).

EnegeticOcto the Ruffian (Troll Warper)              Turns: 249, Time: 00:02:11

Health: 0/66       AC:  4    Str: 19    XL:     4   Next: 60%
Magic:  4/4        EV:  9    Int: 10    God:
Gold:   53         SH:  0    Dex:  9    Spells: 5/5 levels left

rFire    . . .     SeeInvis .     - Unarmed
rCold    . . .     Faith    .   (no shield)
rNeg     . . .     Spirit   .   a - +0 robe
rPois    .         Reflect  .   (helmet restricted)
rElec    .         Harm     .   (no cloak)
rCorr    .         Rampage  .   (gloves unavailable)
Will     +....                  (boots unavailable)
Stlth    ..........             (no amulet)
HPRegen  1.21/turn              b - ring of willpower
MPRegen  0.09/turn              (no ring)

@: berserking, lethally poisoned (0 -> 0), very quick
A: large, unfitting armour, claws 3, regeneration 1, shaggy fur 1, tough skin 1
a: no special abilities


You were on level 4 of the Dungeon.
You visited 1 branch of the dungeon, and saw 4 of its levels.

You collected 53 gold pieces.

Inventory:

Missiles
 d - 5 boomerangs of dispersal (quivered)
Armour
 a - a +0 robe (worn)
Jewellery
 b - a ring of willpower (left claw)
   (You found it on level 1 of the Dungeon)
Scrolls
 c - 3 scrolls of blinking {@r4}


   Skills:
 + Level 2.6 Fighting
 - Level 0.8 Throwing
 - Level 1.9 Dodging
 * Level 4.1 Unarmed Combat
 - Level 1.2 Spellcasting
 - Level 2.1 Translocations


You had 5 spell levels left.
You didn't know any spells.
Your spell library contained the following spells:

 Spells                   Type           Power      Damage    Failure   Level
 Blink                    Tloc           N/A        N/A       21%         2
 Gell's Gravitas          Tloc           2%         N/A       38%         3
 Lesser Beckoning         Tloc           2%         N/A       38%         3
 Teleport Other           Tloc           5%         N/A       38%         3
 Manifold Assault         Tloc           5%         N/A       98%         5


Dungeon Overview and Level Annotations

Branches:
Dungeon (4/15)
 Temple: D:4-7

Altars:
Uskayaw

Annotations:
D:4 chumloofah's ghost, amateur SpAE


Innate Abilities, Weirdness & Mutations

You are too large for most types of armour.
You have claws for hands.
Your natural rate of healing is unusually fast.
You are covered in fur. (AC +1)
You have tough skin. (AC +1)


Message History

No target in view!
There is an open door here.
Found a ring of willpower.
You open the door. The bullfrog hits you!
You barely miss the bullfrog. The bullfrog barely misses you.
The bullfrog hits you but does no damage.
You scratch the bullfrog but do no damage.
Chumloofah's ghost casts a spell.
Chumloofah's ghost puts on a burst of speed!
The bullfrog hits you.
You barely miss the bullfrog. The bullfrog closely misses you.
The bullfrog hits you.
You are too injured to fight recklessly!
You are too injured to fight recklessly!
You are too injured to fight recklessly!
You are too injured to fight recklessly!
You are too injured to fight recklessly!
You are too injured to fight recklessly!
You are too injured to fight recklessly!
You are too injured to fight recklessly!
You are too injured to fight recklessly!
You are too injured to fight recklessly!
You are too injured to fight recklessly!
You are too injured to fight recklessly!
You are too injured to fight recklessly!
You are too injured to fight recklessly!
You are too injured to fight recklessly!
You are too injured to fight recklessly!
You are too injured to fight recklessly!
You are too injured to fight recklessly!
You are too injured to fight recklessly!
You closely miss the bullfrog. The bullfrog hits you!
You claw the bullfrog!
The bullfrog is moderately wounded.
The bullfrog hits you but does no damage.
The bullfrog hits you!
* * * LOW HITPOINT WARNING * * *
You miss the bullfrog.
The bullfrog is moderately wounded.
The bullfrog closely misses you.
You claw the bullfrog!
The bullfrog is severely wounded.
The bullfrog hits you.
* * * LOW HITPOINT WARNING * * *
You scratch the bullfrog.
The bullfrog is severely wounded.
The bullfrog closely misses you. The bullfrog hits you.
* * * LOW HITPOINT WARNING * * *
You closely miss the bullfrog.
The bullfrog is severely wounded.
The bullfrog hits you.
* * * LOW HITPOINT WARNING * * *
You claw the bullfrog!
You kill the bullfrog!
The adder bites you.
* * * LOW HITPOINT WARNING * * *
Your Unarmed Combat skill increases to level 4!
You have reached level 4!
Press: ? - help, v - describe, . - travel
Here: chumloofah's ghost (covering ground quickly) Some shallow water.
Unknown command.
Unknown command.
It was a potion of curing.
You feel better. The adder bites you.
* * * LOW HITPOINT WARNING * * *
You are poisoned.
The adder poisons you!
Okay, then.
You barely miss the adder.
You feel sick. The adder bites you.
* * * LOW HITPOINT WARNING * * *
Really quaff
f - a potion of curing {@q1 !q}? [Y]es or [N]o only, please.
Really quaff
f - a potion of curing {@q1 !q}?
You feel better. The adder bites you.
* * * LOW HITPOINT WARNING * * *
The adder bites you.
* * * LOW HITPOINT WARNING * * *
You are poisoned.
The adder poisons you!
It was a potion of berserk rage.
A red film seems to cover your vision as you go berserk!
You feel yourself moving faster!
You feel mighty!
You feel sick. The adder bites you but does no damage.
You barely miss the adder. The adder closely misses you.
You claw the adder!
You kill the adder!
You feel sick.
Chumloofah's ghost casts a spell at you.
The zap hits you but does no damage.
You feel sick.
There is an open translucent door, spattered with blood here.
You see here a bullfrog corpse.
You barely miss chumloofah's ghost.
Chumloofah's ghost whispers, "Soon you will have time, lots of time..."
Chumloofah's ghost gestures at you while chanting.
The zap hits you!
* * * LOW HITPOINT WARNING * * *
You mangle chumloofah's ghost!!
Chumloofah's ghost is severely damaged.
You die...

######### .......
#####....# ## ...+....+
.. ##......##########.
########................
#≈=≈≈≈W@.....# ##.....#.
########.....####.....#.
#.........'.(......#.
#.........###......#.
#.......### #.######'
#.......# #.####...
#........ #.#......
#.....##.# #.#......
.#### #.#......


You could see chumloofah's ghost (swift).

Vanquished Creatures
  A bullfrog (D:4)
  A gnoll (D:1)
  2 adders
  A dart slug (D:1)
  A ball python (D:4)
  3 endoplasms
  A giant cockroach (D:2)
  A goblin (D:1)
  A kobold (D:1)
  A quokka (D:2)
  3 frilled lizards
  A rat (D:2)
17 creatures vanquished.

Notes
Turn   | Place    | Note
-------+----------+-------------------------------------------
     0 | D:1      | EnegeticOcto the Troll Warper began the quest for the Orb.
     0 | D:1      | Reached XP level 1. HP: 19/19 MP: 1/1
    38 | D:1      | Reached XP level 2. HP: 11/28 MP: 2/2
    92 | D:2      | Reached skill level 2 in Fighting
    92 | D:2      | Reached skill level 3 in Unarmed Combat
   118 | D:2      | Reached XP level 3. HP: 35/35 MP: 3/3
   146 | D:2      | Found a hide-covered altar of Uskayaw.
   214 | D:4      | Found a runed translucent door.
   215 | D:4      | Noticed a bullfrog
   219 | D:4      | Noticed chumloofah's ghost (amateur SpAE)
   240 | D:4      | Killed a bullfrog
   241 | D:4      | Reached skill level 4 in Unarmed Combat
   241 | D:4      | Reached XP level 4. HP: 4/44 MP: 4/4
   242 | D:4      | HP: 1/44 [adder (5)]
   248 | D:4      | HP: 1/66 [chumloofah's ghost/zap (7)]
   249 | D:4      | Succumbed to an adder's poison

Illustrated notes

Levels and vault maps discovered:
D:1:      dpeg_arrival_stonehenge_8_columns, layout_loops_ring, serial_forest,
          infiniplex_forest_end_1, infiniplex_forest_diagonal,
          infiniplex_forest_lined_2, infiniplex_forest_end_2,
          infiniplex_forest_clump_diagonal, infiniplex_forest_straight_4,
          corexii_leaking_fountain, corner_web_ring, minmay_tromino_v4_a
D:2:      layout_basic, lemuel_crystal_altar, eat_drink_and_be_merry_uskayaw,
          uniq_terence
D:3:      layout_loops_ring, lemuel_coloured_pillars_altar
D:4:      layout_basic, old_standard_altar, ebering_ghost_sewer_d,
          minmay_cupped, uniq_duvessa

Skill      XL: |  1  2  3 |
---------------+----------+-----
Fighting       | 2 |  2.6
Unarmed Combat | 3 4 |  4.1
Throwing       | |  0.8
Dodging        | |  1.9
Spellcasting   | |  1.2
Translocations | |  2.1

Action                   |  1- 3 |  4- 6 || total
-------------------------+-------+-------++-------
Melee: Unarmed           |    53 |     5 ||    58
  Use: Potion            |       |     3 ||     3
Armor: Robe              |    12 |     2 ||    14
Dodge: Dodged            |    18 |     1 ||    19

Table legend: (Time is in decaauts)
 A = Elapsed time spent in this place.
 B = Non-inter-level travel time spent in this place.
 C = Inter-level travel time spent in this place.
 D = Time resting spent in this place.
 E = Time spent auto-exploring this place.
 F = Levels seen in this place.
 G = Mean time per level.
                   A        B        C        D        E       F      G
               +--------+--------+--------+--------+--------+-----+--------+
         Total |    245 |    230 |     15 |      0 |      0 |   4 |   61.2 |
       Dungeon |    245 |    230 |     15 |      0 |      0 |   4 |   61.2 |
               +--------+--------+--------+--------+--------+-----+--------+

Top non-repeatable levels by time:
     D:1: 76 daAuts
     D:2: 71 daAuts
     D:4: 55 daAuts
     D:3: 42 daAuts
